Cogmind - Beta 16 @@@ ROGUE MODE // 2026.01.18 @ 23:14:18 Player: KingCain Result: Destroyed by HY-K2T(R) with Subdweller Machine Gun Performance ------------- Evolutions (0) 0 Regions Visited (2) 400 Robots Destroyed (5) 25 Value Destroyed (127) 127 Prototype IDs (0) 0 Alien Tech Used (0) 0 Bonus (0) 0 TOTAL SCORE: 552 Bonus ------- None Cogmind --------- Core Integrity 0/250 Matter 270/300 Energy 96/100 System Corruption 0% Temperature Cool (6) Movement Core (100) Ox1 Location -10/Subcaves Parts ------- > --- POWER (1) -------- (None) > --- PROPULSION (2) --- (None) > --- UTILITY (2) ------ Structural Scanner Power Shielding > --- WEAPON (2) ------- Mining Claw > --- INVENTORY (5) ---- Subdweller Power Source Peak State ------------ > --- POWER ------------ Ion Engine > --- PROPULSION ------- Wheel Compact Wheel > --- UTILITY ---------- Small Storage Unit Power Shielding > --- WEAPON ----------- Assault Rifle Assault Rifle > --- INVENTORY -------- (None) [Rating: 7] Favorites ----------- Power Ion Engine Engine Ion Engine Propulsion Compact Wheel Wheel Compact Wheel Utility Power Shielding Device Structural Scanner Storage Small Storage Unit Protection Power Shielding Weapon Assault Rifle Ballistic Gun Assault Rifle Slashing Weapon Mining Claw Build | -11 -10 -10 ------- Run | Yrd Mat Sub Slots Evolved . | . . . Power . | . . . Propulsion . | . . . Utility . | . . . Weapon . | . . . Parts Attached 10 | 6 4 . Power 2 | 1 1 . Engine 2 | 1 1 . Core . | . . . Reactor . | . . . Propulsion 2 | 2 . . Treads . | . . . Leg . | . . . Wheel 2 | 2 . . Hover . | . . . Flight . | . . . Utility 3 | 1 2 . Device 1 | . 1 . Storage 1 | 1 . . Processor . | . . . Hackware . | . . . Protection 1 | . 1 . Artifact . | . . . Weapon 3 | 2 1 . Energy Gun . | . . . Energy Cannon . | . . . Ballistic Gun 2 | 2 . . Ballistic Cannon . | . . . Launcher . | . . . Special Weapon . | . . . Impact Weapon . | . . . Slashing Weapon 1 | . 1 . Piercing Weapon . | . . . Special Melee Weapon . | . . . Unidentified Prototypes . | . . . Parts Lost 5 | . . 5 Power 1 | . . 1 Propulsion 2 | . . 2 Utility . | . . . Weapon 2 | . . 2 Highest Loss Streak 3 | . . 3 To Critical Strikes . | . . . Average Backups . | . . . Power . | . . . Propulsion . | . . . Utility . | . . . Weapon . | . . . Tool/Special . | . . . Unused Backups . | . . . Power . | . . . Propulsion . | . . . Utility . | . . . Weapon . | . . . Tool/Special . | . . . Average Slot Usage (%) 92 | . 97 75 Engine 13 | . 13 14 Wheel 26 | . 28 19 Device 9 | . 8 14 Storage 4 | . 5 . Protection 13 | . 12 14 Ballistic Gun 18 | . 22 6 Slashing Weapon 4 | . 4 6 Peak Build Rating 7 | 6 7 7 Average Rating 6 | 4 6 4 On Entrance 4 | . 6 7 Avg Prop Armor Cover (%) . | . . . Naked Turns . | . . . Heaviest Build 15 | 14 15 11 Greatest Support 26 | 26 26 26 Greatest Overweight (x) . | . . . Average Overweight (x) . | . . . Largest Inventory Capacity 8 | 8 8 5 Average Capacity 6 | 7 6 5 Most Carried 2 | . 2 1 Average Carried . | . . . Final Capacity 8 | 8 5 5 Final Carried 1 | . 1 1 Class Distribution -------------------- 100% | Mutant Dominant Class ---------------- Mutant | -10/Materials Mutant | -10/Subcaves Resources | -11 -10 -10 ----------- Run | Yrd Mat Sub Matter Collected 428 | 245 183 . Remotely . | . . . Salvage Created 287 | . 287 . Parts 6 | . 6 . Haulers Intercepted . | . . . Recyclers Shooed 1 | . 1 . Parts Field Recycled . | . . . Retrieved Matter . | . . . Parts Self-Destructed . | . . . Prevented . | . . . Parts Restored . | . . . Kills | -11 -10 -10 ------- Run | Yrd Mat Sub Combat Hostiles Destroyed 3 | . 3 . Guns 3 | . 3 . Classes Destroyed 2 | . 2 . Recycler 2 | . 2 . Grunt 3 | . 3 . Best Kill Streak 3 | . 3 . Combat Bots Only 2 | . 2 . Max Kills in Single Turn 1 | . 1 . Gunslinging . | . . . Exploded . | . . . Melee . | . . . Uniques/NPCs Destroyed . | . . . Combat | -11 -10 -10 -------- Run | Yrd Mat Sub Hostile Shots Fired 55 | . 27 28 Missed 22 | . 12 10 Hits 33 | . 15 18 Projectile 33 | . 15 18 Damage Taken 590 | . 178 412 Core 258 | . 49 209 Absorbed by Shields . | . . . Redirected to Shielding 33 | . 12 21 Core Remaining (%) 100 | 100 . . Volleys Fired 18 | . 14 4 Largest 2 | . 2 1 Hottest 40 | . 40 20 Shots Fired 31 | . 27 4 Gun 31 | . 27 4 Cannon . | . . . Launcher . | . . . Special . | . . . Kinetic 31 | . 27 4 Thermal . | . . . Explosive . | . . . Electromagnetic . | . . . Robot Hit Streak 5 | . 5 2 Robot Miss Streak 2 | . 2 1 Penetration Max . | . . . Secondary Targets . | . . . Shots Hit Robots 21 | . 18 3 Core Hits 10 | . 10 . Critical Kills . | . . . Critical Parts Destroyed . | . . . Critical Strikes . | . . . Melee Attacks 11 | . 4 7 Impact . | . . . Slashing 11 | . 4 7 Piercing . | . . . Sneak Attacks . | . . . Combat Hostiles . | . . . Follow-up Attacks . | . . . Damage Inflicted 269 | . 246 23 Guns 269 | . 246 23 Cannons . | . . . Explosions . | . . . Melee . | . . . Ramming . | . . . Kinetic 269 | . 246 23 Thermal . | . . . Explosive . | . . . Electromagnetic . | . . . Impact . | . . . Slashing . | . . . Piercing . | . . . Highest Corruption . | . . . Average Corruption . | . . . Corruption Purged . | . . . Corruption Blocked . | . . . Overload Shots . | . . . Overflow Damage . | . . . Projectiles . | . . . Explosions . | . . . Melee . | . . . Knockbacks . | . . . Impact . | . . . Kinetic . | . . . Secondary . | . . . Self-Inflicted Damage . | . . . Shots . | . . . Rammed . | . . . Targets Rammed . | . . . Kicked . | . . . Crushed . | . . . Highest Temperature 2 | . 2 . Average Temperature 2 | . 2 . Received Heat Transfer 186 | . 102 84 Siege Activations . | . . . Martial Activations . | . . . Shielding Activations . | . . . Robots Disrupted . | . . . Combat Hostiles . | . . . Robots Corrupted . | . . . Combat Hostiles . | . . . Parts Fried . | . . . Impact Corruptions . | . . . Robots Melted . | . . . Combat Hostiles . | . . . Parts Melted . | . . . Heat Transferred . | . . . Parts Sabotaged . | . . . Parts Stolen . | . . . Parts Stripped . | . . . Power Chain Reactions . | . . . Alert | -11 -10 -10 ------- Run | Yrd Mat Sub Maximum Alert Level . | . . . Low Security (%) 100 | 100 100 . Level 1 . | . . . Level 2 . | . . . Level 3 . | . . . Level 4 . | . . . Level 5 . | . . . High Security . | . . . Max Security . | . . . Peak Influence 60 | . 60 . Initial . | . . . Average 12 | . 14 . Influence Increases 123 | . 123 . Destroy 0b10 Robot/C 60 | . 60 . Destroy 0b10 Robot/NC 10 | . 10 . Destroy Leader 10 | . 10 . Successful Hack 9 | . 9 . Destroy Structure 4 | . 4 . Lose Combat Pursuer 30 | . 30 . Influence Decreases 123 | . 97 26 Entered New Map 14 | . . 14 Time Decay 107 | . 97 10 Lost Part 2 | . . 2 Squads Dispatched . | . . . Investigation . | . . . Extermination . | . . . Reinforcement . | . . . Assault . | . . . Garrison . | . . . Intercept . | . . . Searches Triggered . | . . . Construction Impeded . | . . . Haulers Reinforced . | . . . Active Scanning Responses . | . . . Cargo Convoy Interrupts . | . . . Stealth | -11 -10 -10 --------- Run | Yrd Mat Sub Distress Signals . | . . . Communications Jammed . | . . . Distress Signals . | . . . Times Spotted 8 | . 5 3 Peak Tracking Total 3 | . 2 3 Tactical Retreats 1 | . 1 . Traps | -11 -10 -10 ------- Run | Yrd Mat Sub Traps Triggered 2 | . 2 . Indirectly . | . . . Trap Hack Attempts . | . . . Triggered . | . . . Disarmed 4 | . 4 . Reprogrammed . | . . . Reused . | . . . Traps Extracted . | . . . Installed . | . . . Triggered . | . . . Machines | -11 -10 -10 ---------- Run | Yrd Mat Sub Machines Disabled . | . . . Max in Single Turn . | . . . Machines Repaired . | . . . Machines Dismantled . | . . . Machines Sabotaged . | . . . Overloaded Fab Kills . | . . . Hacking | -11 -10 -10 --------- Run | Yrd Mat Sub Machines Accessed 3 | . 3 . Terminals 3 | . 3 . Fabricators . | . . . Repair Stations . | . . . Recycling Units . | . . . Scanalyzers . | . . . Garrison Access . | . . . Total Hacks 7 | . 7 . Successful 4 | . 4 . Failed 3 | . 3 . Catastrophic . | . . . Database Lockouts . | . . . Manual . | . . . Terminals 7 | . 7 . Fabricators . | . . . Repair Stations . | . . . Recycling Units . | . . . Scanalyzers . | . . . Garrison Access . | . . . Terminal Hacks 4 | . 4 . Alert Level 1 | . 1 . Disarm Traps 1 | . 1 . Dispatch Records 1 | . 1 . Zone Layout 1 | . 1 . Fabricator Hacks . | . . . Repair Station Hacks . | . . . Recycling Unit Hacks . | . . . Scanalyzer . | . . . Garrison Access Hacks . | . . . Unauthorized Hacks . | . . . Terminals . | . . . Fabricators . | . . . Repair Stations . | . . . Recycling Units . | . . . Scanalyzers . | . . . Garrison Access . | . . . Data Cores Recovered . | . . . Used . | . . . Hacking Detections 2 | . 2 . Full Trace Events . | . . . Feedback Events . | . . . Feedback Blocked . | . . . Robot Schematics Acquired . | . . . Robots Built . | . . . Authchips . | . . . Time . | . . . Total Robot Build Rating . | . . . Part Schematics Acquired . | . . . Parts Built . | . . . Authchips . | . . . Time . | . . . Total Part Build Rating . | . . . Part Studies Acquired . | . . . Parts Repaired . | . . . Time . | . . . Parts Recycled . | . . . Recycled Matter . | . . . Retrieved Matter . | . . . Retrieved Components . | . . . Parts Scanalyzed . | . . . Part Schematics Acquired . | . . . Parts Damaged . | . . . Bothacking | -11 -10 -10 ------------ Run | Yrd Mat Sub Used RIF Installer . | . . . Robots Hacked . | . . . Non-combat . | . . . Combat . | . . . Robot Hacks Applied . | . . . Relay Couplers Released . | . . . Fabnet Peak Effective % . | . . . Robots Rewired . | . . . Allies Hacked . | . . . Hacks Repelled . | . . . Allies | -11 -10 -10 -------- Run | Yrd Mat Sub Total Allies . | . . . Largest Group . | . . . Highest-Rated Group . | . . . Highest-Rated Ally . | . . . Total Orders . | . . . Ally Attacks . | . . . Total Damage . | . . . Kills . | . . . Allies Corrupted . | . . . Allies Melted . | . . . Intel | -11 -10 -10 ------- Run | Yrd Mat Sub Active Infowar (turns) 353 | . 254 99 Structural 353 | . 254 99 Robot Analysis Total . | . . . Derelict Logs Recovered . | . . . Drone Launches . | . . . Drone Recoveries . | . . . Exploration | -11 -10 -10 ------------- Run | Yrd Mat Sub Turns Passed 556 | 59 398 99 Spaces Moved 483 | 57 354 72 Core 2 | 2 . . Treads . | . . . Legs . | . . . Wheels 481 | 55 354 72 Hover . | . . . Flight . | . . . Fastest Speed 50 | 50 90 90 Average Speed 90 | 88 90 97 Slowest Speed 100 | 100 90 100 Overloaded Moves . | . . . Propulsion Burnouts . | . . . Robots Hopped . | . . . Potential Cave-ins . | . . . Cave-ins Triggered . | . . . Exploration Rate (%) 12 | 3 29 5 Regions Visited 2 Branch Regions 1 Pre-discovered Areas . | . . . Known Exits Taken . | . . . Unknown Exits Taken 2 | 1 1 . Scrap Searched . | . . . Spaces Dug 4 | . 4 . Terrain Destroyed 4 | . 4 . Melee 4 | . 4 . Projectile . | . . . AOE . | . . . Terrain Rammed . | . . . Walls Destroyed . | . . . Machines Disabled . | . . . Actions | -11 -10 -10 --------- Run | Yrd Mat Sub Total 545 | 62 397 86 Wait 7 | . 7 . Move 481 | 56 353 72 Hop . | . . . Pick Up 2 | . 2 . Fast Attach 13 | 6 7 . Attach 6 | . 4 2 Detach 4 | . 3 1 Swap . | . . . Drop 3 | . 3 . Fire 18 | . 14 4 Melee 11 | . 4 7 Ram . | . . . Kick . | . . . Crush . | . . . Escape Stasis . | . . . Rewire . | . . . Trap . | . . . Miscellaneous . | . . . Route ------- -11/Scrapyard -10/Materials -10/Subcaves History --------- Turn | Location | Event 12 | -11/Scrapyard | Discovered new exit (range 16) 60 | -11/Scrapyard | Entered Materials 301 | -10/Materials | Build established: Mutant 434 | -10/Materials | Discovered new exit (range 11) 458 | -10/Materials | Entered Subcaves 459 | -10/Subcaves | Approached by a straggling Scientist 499 | -10/Subcaves | Core integrity fell below 50% 517 | -10/Subcaves | Lost 3 parts (1n2w) 556 | -10/Subcaves | Core integrity fell below 20% 557 | -10/Subcaves | Destroyed by HY-K2T(R) with Subdweller Machine Gun Last Messages --------------- 00434_ EXIT=FOUND 00434_ K-01 Serf collects debris. 00448_ Dropped Assault Rifle. 00448_ Acquired Assault Rifle. LOCATION=UNKNOWN AMBIENT_HEAT=-10 GOAL=ESCAPE 00459_ 9O-1TO(c): "Thank the algorithms! I was beginning to lose hope I'd never make it past all the Subs lurking out here." 00462_ 9O-1TO(c): "Hey, let me tag along and I can get us both out of this nasty situation. At least I think I can... The group I got separated from was talking about a shortcut back to the UFD." 00481_ Assault Rifle destroyed. 00486_ Wheel destroyed. 00556_ Ion Engine destroyed. 00556_ Com. Wheel destroyed. 00557_ TJ-LQX(R) Sub. Power Source ripped off. Map ----- +----------------------------------------------------+ | | | | | | | | | | | | | | | | | ?????????????????????????????????????????????????? | | ?????????????????????????????????????????????????? | | ?????????????????????????????????????????????????? | | ?????????????????????????????????????????????????? | | ?????????????????????????????????????????????????? | | ?????????????????????????????????????????????????? | | ?????????????????????????????????????????????????? | | ?????????????????????????????????????????????????? | | ?????????????????????????????????????????????????? | | ?????????????????????????????????????????????????? | | ?????????????????????????????????????????????????? | | ?????????????????????????????????????????????????? | | ?????????????????????????????????????????????????? | | ??????????????????############???????????????????? | | ??????????????????#############??????????????????? | | ??????????????????## ## ###??????????????????? | | ??????????????????## R ##??????????????????? | | ????????????????##### R@ ##??????????????????? | | ????????????????##### R ######??????????????????? | | ????????????????## ## #######??????????????????? | | ????????????????## ####??????????????????????? | | ????????????????## #####???????????????????????? | | ???????????????? # ####????????????????????????? | | ???????????## ? ## ##??????????????????????????? | | ???????????### ? ### ##??????????????????????????? | | ???????????## ??### ###?????????????????????????? | | ???????????## ### ####????????????????????????? | | ?????????##### ### ####???????????????????????? | | ????????###### ## ###???????????????????????? | | ???????####" ###??????????????????????? | | ???????"##"" ######????????????????????? | | ??????""""" ####????????????????????? | | ??????"" #$##???#####????????????? | | ?????"" ###???#####????????????? | | ?????" # ## ####???# ##????????????? | | ???????## ##### ####??### ##????????????? | | ???????## ###### ## ##?##### ##????????????? | | ???????## "##?### ## ####### ##????????????? | | ???????##" ????### ######## ## ###????????????? | | ???????## ?????## ##"#### ###????????????? | | ???????????????## #### ### ##????????????? | | ???????????????## ##### ## ###????????????? | +----------------------------------------------------+ Best States ------------- Heat Dissipation 25 Energy Generation 10 Energy Capacity 250 Matter Stores 300 Matter Capacity 300 Sight Range 16 Terrain Scan Density 10 Power Shielding 33 Evasion (%) 42 Item Schematics ----------------- None Robot Schematics ------------------ None Fabricated ------------ Nothing Repaired ---------- Nothing Studied --------- None Alien Tech Used ----------------- None Achievements -------------- None Challenges ------------ None Game ------ Seed DecoderFactoryConstruct Manual? 0 Play Time 00:08:04 Cumulative 12.6 hours Start 2026.01.18 @ 23:07:36 End 2026.01.18 @ 23:14:18 Sessions 1 Manual Loads 0 Difficulty Rogue Special Mode None Game No. 37 Rogue 37 Adventurer 0 Explorer 0 Win Type - Total 0 Types 0/0/0/0/0/0/0/0/0/0 Lore% 4 Gallery% 18 Achievement% 12 Wizard Run 0 Options --------- Layout 1 ASCII 0 Keyboard 1 Movement Vi Keybinds 0 Fullscreen 1 Font 24/Smallcaps Map View 50x35 Zoom Use 0% Tactical HUD 1 Map Filters NONE Filters NONE Steam 1 RUN: 708b871b-861e-4d78-8eaf-bc591f2b4cc4